 Dungeon Crawl Stone Soup version 0.27.1-4-g1640c2035a (webtiles) character file.

Game seed: 11724040974487205412

84 Turgor the Insei (level 4, -6/29 HPs)
             Began as an Octopode Transmuter on Nov 7, 2021.
             Engulfed by a cloud of steam (10 damage)
             ... on level 3 of the Dungeon.
             The game lasted 00:33:00 (3282 turns).

Turgor the Insei (Octopode Transmuter)              Turns: 3282, Time: 00:33:01

Health: -6/29      AC:  1    Str:  9    XL:     4   Next: 46%
Magic:  7/7        EV: 13    Int: 16    God:
Gold:   96         SH:  0    Dex: 12    Spells: 5/8 levels left

rFire    . . .     SeeInvis .   j - +2 dagger (drain)
rCold    + . .     Faith    .   (no shield)
rNeg     . . .     Spirit   .   (helmet restricted)
rPois    .         Reflect  .   (no amulet)
rElec    .         Harm     .   c - ring of protection from cold
rCorr    .         Rampage  .   (no ring)
Will     .....                  (no ring)
Stlth    +++.......             (no ring)
HPRegen  0.09/turn              (no ring)
MPRegen  0.10/turn              (no ring)
                                (no ring)
                                (no ring)

@: confused, ambrosia-drunk
A: almost no armour, amphibious, 8 rings, camouflage 1, gelatinous body 1,
nimble swimmer 1, tentacles
a: no special abilities


You were on level 3 of the Dungeon.
You visited 1 branch of the dungeon, and saw 3 of its levels.

You collected 96 gold pieces.

Inventory:

Hand Weapons
 i - a +2 vampiric broad axe
 j - a +2 dagger of draining (weapon)
Missiles
 e - 33 stones
 h - a throwing net
 l - 8 poisoned darts (quivered)
Jewellery
 c - a ring of protection from cold (left tentacle)
Scrolls
 a - a scroll of amnesia {unknown}
 b - a scroll of identify
 f - a scroll of teleportation {unknown}
 g - a scroll of enchant weapon {unknown}
 m - a scroll of silence {unknown}
Potions
 d - a potion of haste


   Skills:
 + Level 1.9 Fighting
 + Level 0.3 Axes
 + Level 2.6 Dodging
 + Level 2.2 Stealth
 - Level 3.0 Unarmed Combat
 + Level 2.5 Spellcasting
 + Level 2.6 Transmutations


You had 5 spell levels left.
You knew the following spells:

 Your Spells              Type           Power      Damage    Failure   Level
a - Beastly Appendage     Tmut           20%        N/A       7%          1
b - Passwall              Tmut/Erth      5%         N/A       17%         2

Your spell library contained the following spells:

 Spells                   Type           Power      Damage    Failure   Level
 Wereblood                Tmut           10%        N/A       10%         2
 Spider Form              Tmut/Pois      3%         N/A       34%         3
 Swiftness                Air            2%         N/A       52%         3
 Ice Form                 Ice/Tmut       6%         N/A       75%         4
 Invisibility             Hex            1%         N/A       100%        6


Dungeon Overview and Level Annotations

Branches:
Dungeon (3/15)

Altars:


Innate Abilities, Weirdness & Mutations

You cannot wear most types of armour.
You are amphibious.
You can wear up to eight rings at the same time.
Your skin changes colour to match your surroundings (Stealth+).
Your rubbery body absorbs attacks. (AC +1, EV +1)
You are camouflaged near water. (Stealth+)
You have tentacles for arms and can constrict up to eight enemies at once.


Message History

You climb downwards.
You hear the sound of rushing water.
There is an entrance to a sewer on this level.
Hurry and find it before the portal rusts away!
There is a stone staircase leading up here.
A kobold comes into view. It is wielding a +0 whip.
Throw: 8 darts (poison)
Press: ? - help, Q - select action, (/) - cycle Shift-Dir - straight line, f - you
Okay, then.
Found a scroll labelled FOGIAMOLYO.
The kobold hits you but does no damage.
You hit the kobold but do no damage. You drain the kobold.
Your grab misses the kobold.
The kobold is heavily wounded.
The kobold barely misses you.
You hit the kobold.
You kill the kobold!
e - 33 stones (gained 4)
You see here a +0 whip.
m - a scroll labelled FOGIAMOLYO You hear the slow rusting of a very distant drain.
Found 19 bolts.
You are engulfed in a cloud of scalding steam.
You are engulfed in a cloud of scalding steam.
You are engulfed in a cloud of scalding steam.
Press: ? - help, v - describe, . - travel Some deep water.
There is a cloud of steam here.
Unknown command.
You are engulfed in a cloud of scalding steam.
* * * LOW HITPOINT WARNING * * *
Press: ? - help, v - describe, . - travel The floor.
There is a cloud of steam here.
Unknown command.
You are confused.
You feel invigorated.
You are engulfed in a cloud of scalding steam.
* * * LOW HITPOINT WARNING * * *
You're too confused to move!
You are engulfed in a cloud of scalding steam.
You die...

#...........# #§§##
#.#......^..#####§≈§§
............##≈≈≈≈§§#
.#.#.#......# #§##
............# ##§#
.#.#.#......# ###§#
......).....# #§§##
.#.#.#......#####§#####.
..............§§@§§§....#
.#.#.#.#####..§§§§§§....#
.......# ###§§§§§....(#
####.### ######...### #.#
#### #.# ####.##########
#.............#
#.##.########.#


There were no monsters in sight!

Vanquished Creatures
  Robin (D:2)
  2 adders (D:2)
  2 ball pythons
  4 bats
  2 endoplasms (D:2)
  6 giant cockroaches
  18 goblins
  5 hobgoblins
  3 quokkas
  A frilled lizard (D:1)
  2 kobolds
  A rat (D:1)
47 creatures vanquished.

Notes
Turn   | Place    | Note
-------+----------+-------------------------------------------
     0 | D:1      | Turgor the Octopode Transmuter began the quest for the Orb.
     0 | D:1      | Reached XP level 1. HP: 13/13 MP: 3/3
   228 | D:1      | Reached XP level 2. HP: 18/18 MP: 3/5
   279 | D:1      | Reached skill level 1 in Stealth
   365 | D:1      | Found a faded altar of an unknown god.
   955 | D:2      | Reached XP level 3. HP: 11/23 MP: 4/6
  1477 | D:2      | Noticed Robin
  1546 | D:2      | Learned a level 2 spell: Passwall
  2574 | D:2      | Reached XP level 4. HP: 29/29 MP: 5/7
  2608 | D:2      | Killed Robin
  3281 | D:3      | HP: 1/29 [something (5)]
  3282 | D:3      | Engulfed by a cloud of steam

Illustrated notes

Levels and vault maps discovered:
D:1:      tarquinn_simple_flora_water_d, layout_loops_cross,
          hellmonk_ecumenical_altar_run_dry, minivault_27,
          kennysheep_pointless_box, minmay_worlds_worst_comb
D:2:      layout_rooms, st_stairs_12, minmay_between, uniq_robin
D:3:      minmay_general_purpose_star, layout_basic,
          mainiacjoe_overflow_brackets, portal_sewer_entry_f, serial_glass,
          glass_columns_a, glass_columns_c, lemuel_another_geyser

Skill      XL: |  1  2  3 |
---------------+----------+-----
Stealth        | 1 2 |  2.2
Fighting       | |  1.9
Axes           | |  0.3
Dodging        | |  2.6
Unarmed Combat | |  3.0
Spellcasting   | |  2.5
Transmutations | |  2.6

Action                   |  1- 3 |  4- 6 || total
-------------------------+-------+-------++-------
Melee: Unarmed           |    19 |       ||    19
       Tentacles         |    11 |       ||    11
       Constrict         |    16 |     5 ||    21
       Kick              |     6 |     2 ||     8
       Punch             |     2 |       ||     2
       Dagger            |    66 |    21 ||    87
Throw: Dart              |    31 |     7 ||    38
       Stone             |    24 |     1 ||    25
 Cast: Beastly Appendage |    14 |     5 ||    19
  Use: Scroll            |     2 |     1 ||     3
       Potion            |     2 |     1 ||     3
 Stab: Sleeping          |     6 |       ||     6
Armor: Skin              |     2 |     4 ||     6
Dodge: Dodged            |    38 |    12 ||    50
